 Dungeon Crawl Stone Soup version 0.19.5 (webtiles) character file.

7774 tricornhat the Carver (level 11, -7/126 HPs)
             Began as a Human Fighter on Mar 10, 2017.
             Was a Priest of Trog.
             Mangled by a ten-headed hydra (8 damage)
             ... on level 9 of the Dungeon.
             The game lasted 01:10:42 (10135 turns).

tricornhat the Carver (Human Fighter)              Turns: 10135, Time: 01:10:43

Health: -7/126     AC: 13    Str: 22    XL:     11   Next: 43%
Magic:  0/11       EV: 13    Int:  9    God:    Trog [***...]
Gold:   441        SH: 13    Dex: 15    Spells: 0 memorised, 10 levels left

rFire  . . .     SeeInvis +     a - +3 falchion (slice)
rCold  . . .     Gourm    .     D - +0 scale mail
rNeg   . . .     Faith    .     c - +1 shield
rPois  .         Spirit   +     K - +0 helmet
rElec  .         Reflect  .     F - +0 cloak
rCorr  .         Harm     .     w - +1 pair of gloves
MR     .....                    (no boots)
Stlth  ..........               r - amulet of guardian spirit
                                n - ring of see invisible
                                m - +2 ring of evasion

@: berserking, very quick
A: no striking features
a: Berserk, Trog's Hand, Burn Spellbooks, Renounce Religion


You were on level 9 of the Dungeon.
You worshipped Trog.
Trog was most pleased with you.
You were not hungry.

You visited 2 branches of the dungeon, and saw 10 of its levels.

You collected 441 gold pieces.

Inventory:

Hand Weapons
 a - a +3 falchion of slicing (weapon)
 b - a +0 hand crossbow
 j - a +0 long sword
Missiles
 E - 65 arrows
 G - 43 bolts
Armour
 c - a +1 shield (worn)
 t - a +0 chain mail
 w - a +1 pair of gloves (worn)
 D - a +0 scale mail (worn)
 F - a +0 cloak (worn)
 K - a +0 helmet (worn)
Jewellery
 i - an uncursed ring of magical power
 m - a +2 ring of evasion (left hand)
 n - a ring of see invisible (right hand)
 q - an uncursed amulet of rage
 r - an amulet of guardian spirit (around neck)
 s - an uncursed ring of protection from magic
Wands
 l - a wand of teleportation (0/9)
 x - a wand of digging (8/24)
 L - a wand of lightning (8/15)
 M - a wand of flame (5/48)
 N - a wand of acid (12/15)
Scrolls
 k - a scroll of random uselessness
 o - a scroll of fear {unknown}
 y - 2 scrolls of noise {unknown}
 B - 2 scrolls of identify
 C - 2 scrolls of remove curse
Potions
 d - a potion of berserk rage
 e - 2 potions of flight
 h - a potion of mutation {unknown}
 p - 2 potions of degeneration
 u - a potion of invisibility {unknown}
 v - 3 potions of curing
 z - a potion of agility {unknown}
 A - 2 potions of ambrosia {unknown}
 I - a potion of resistance {unknown}
Miscellaneous
 H - a lamp of fire
Comestibles
 f - a bread ration
 g - 4 meat rations
 J - a royal jelly


   Skills:
 + Level 7.2 Fighting
 + Level 10.2 Long Blades
 + Level 8.0 Armour
 + Level 4.0 Dodging
 + Level 1.0 Stealth
 + Level 9.2 Shields


You had 10 spell levels left.
You didn't know any spells.

Dungeon Overview and Level Annotations

Branches:
Dungeon (9/15)             Temple (0/1) D:5            Lair (1/6) D:9
    Orc: D:9-12

Altars:
Ashenzari
Cheibriados
Hepliaklqana
Nemelex Xobeh
Ru
Trog
Uskayaw
Vehumet
Xom
Zin

Shops:
D:4 ?   D:8 !


Message History

The eight-headed hydra bites you but does no damage.
The eight-headed hydra bites you!
* * * LOW HITPOINT WARNING * * *
You block the eight-headed hydra's attack.
The eight-headed hydra bites you but does no damage.
The eight-headed hydra closely misses you.
The eight-headed hydra bites you but does no damage.
You lop one of the eight-headed hydra's heads off!
The seven-headed hydra grows two more!
You slash the nine-headed hydra!
The nine-headed hydra is moderately wounded.
You lop one of the nine-headed hydra's heads off!
The eight-headed hydra grows two more!
You slash the ten-headed hydra!
The ten-headed hydra is moderately wounded.
The ten-headed hydra bites you!
* * * LOW HITPOINT WARNING * * *
You block the ten-headed hydra's attack.
The ten-headed hydra barely misses you.
You block the ten-headed hydra's attack.
The ten-headed hydra bites you!
You die...

#.....#
#.###..#.####.#
#......#
#.#..........
####..####.....♣...##
#.#.#....P[[.....# #
#........♣[.....♣♣.#
#####......P.....♣.#
#...P........♣P.#
##P.........♣....#
#.....♣..@.P..P..#
#...♣...D.P......#
#.......P.♣...P.P#
#...♣...........##
##........♣...P.#
##.#§.........P####
#÷.......P.........
#÷####.P......#####
#)# #.#......#


You could see a ten-headed hydra.

Vanquished Creatures
  The ghost of appiemonkey the Protected, a novice MiFi of Okawaru (D:5)
  Pikel (D:8)
  Joseph (D:7)
  A spiny frog (Lair:1)
  A hornet (D:8)
  Sigmund (D:6)
  Grum (D:9)
  A basilisk (D:9)
  2 water moccasins
  A porcupine (D:9)
  2 orc warriors
  3 ice beasts
  4 sky beasts
  A slave (D:8)
  2 black bears
  3 necrophages
  4 wolves (D:9)
  3 ogres
  3 centaurs
  3 crocodiles (D:9)
  2 big kobolds (D:9)
  3 bullfrogs
  A water moccasin zombie (D:6)
  2 gnoll sergeants
  A water moccasin skeleton (D:7)
  3 scorpions
  9 wights
  2 howler monkeys
  2 crimson imps
  A bullfrog zombie (D:7)
  A jelly (D:8)
  2 bullfrog skeletons
  A centaur skeleton (D:8)
  5 hounds
  9 orc priests
  12 orc wizards
  13 iguanas
  Crazy Yiuf (D:7)
  3 worker ants
  A hound zombie (D:5)
  A hound skeleton (D:9)
  A mummy (D:5)
  A howler monkey zombie (D:6)
  16 gnolls
  3 river rats (D:9)
  6 adders
  2 shadow imps
  2 adder skeletons
  3 worms
  A dart slug (D:4)
  7 leopard geckos
  28 orcs
  2 ball pythons (D:2)
  6 giant cockroaches
  7 goblins
  5 hobgoblins
  2 jackals (D:3)
  19 kobolds
  7 quokkas
  4 bats
  8 frilled lizards
  2 kobold zombies (D:5)
  2 orc zombies (D:5)
  2 quokka skeletons
  2 quokka zombies (D:5)
  4 rats
256 creatures vanquished.

Vanquished Creatures (others)
  3 slaves (D:8)
  A scorpion (D:8)
  A bullfrog zombie (D:8)
  A gnoll (D:8)
  3 orcs (D:8)
  A giant cockroach (D:8)
  2 plants (D:9)
12 creatures vanquished.

Grand Total: 268 creatures vanquished

Notes
Turn   | Place    | Note
-------+----------+-------------------------------------------
     0 | D:1      | tricornhat the Human Fighter began the quest for the Orb.
     0 | D:1      | Reached XP level 1. HP: 18/18 MP: 1/1
   472 | D:1      | Reached XP level 2. HP: 22/24 MP: 2/2
   909 | D:2      | Reached XP level 3. HP: 9/29 MP: 3/3
  1374 | D:2      | Reached XP level 4. HP: 35/35 MP: 4/4
  1471 | D:2      | Found a glowing silver altar of Zin.
  1471 | D:2      | Noticed an angel
  1594 | D:3      | Noticed a gnoll sergeant
  1614 | D:3      | Noticed a sky beast
  1896 | D:3      | Found a hazy altar of Hepliaklqana.
  2327 | D:3      | Killed a gnoll sergeant
  2327 | D:3      | Reached skill level 1 in Dodging
  2327 | D:3      | Reached XP level 5. HP: 21/41 MP: 5/5
  2371 | D:4      | Reached skill level 3 in Long Blades
  2726 | D:4      | Reached XP level 6. HP: 28/47 MP: 6/6
  3799 | D:4      | Found Eroutt's Magic Scroll Shop.
  3841 | D:4      | Reached XP level 7. HP: 52/53 MP: 7/7
  3959 | D:5      | Entered Level 5 of the Dungeon
  3970 | D:4      | Reached skill level 4 in Long Blades
  3997 | D:5      | Reached skill level 5 in Shields
  4428 | D:4      | Reached XP level 8. HP: 28/60 MP: 5/8
  4666 | D:5      | Found a staircase to the Ecumenical Temple.
  4861 | D:5      | Reached skill level 5 in Long Blades
  4901 | D:5      | Noticed appiemonkey's ghost (novice MiFi)
  4931 | D:5      | Killed appiemonkey's ghost
  4931 | D:5      | Reached skill level 5 in Fighting
  4931 | D:5      | Reached skill level 6 in Long Blades
  4931 | D:5      | Reached skill level 5 in Armour
  4931 | D:5      | Reached XP level 9. HP: 25/68 MP: 0/9
  5433 | D:6      | Found a snail-covered altar of Cheibriados.
  5489 | D:6      | Found a radiant altar of Vehumet.
  5495 | D:6      | Found a sacrificial altar of Ru.
  5495 | D:6      | Found a hide-covered altar of Uskayaw.
  5495 | D:6      | Found a shimmering altar of Xom.
  5498 | D:6      | Found a shattered altar of Ashenzari.
  5499 | D:6      | Found a bloodstained altar of Trog.
  5503 | D:6      | Became a worshipper of Trog the Wrathful
  5609 | D:6      | Noticed Sigmund
  6151 | D:8      | Reached skill level 7 in Long Blades
  6155 | D:8      | Noticed a hornet
  6579 | D:7      | Reached * piety under Trog
  6613 | D:7      | Got a translucent mace
  6614 | D:7      | Identified the +2 mace of the Fifty Runes {crush, *Contam rC++ rN+ Stlth+} (You found it on level 7 of the Dungeon)
  6616 | D:7      | Found a runed door.
  6620 | D:7      | Noticed Crazy Yiuf
  6624 | D:7      | Killed Crazy Yiuf
  6804 | D:7      | Reached XP level 10. HP: 73/75 MP: 10/10
  6837 | D:7      | You fall through a shaft!
  6838 | D:8      | Noticed Pikel
  6899 | D:8      | Killed Pikel
  6899 | D:8      | Reached skill level 8 in Long Blades
  7169 | D:7      | Noticed Joseph
  7199 | D:7      | Killed Joseph
  7473 | D:6      | Reached skill level 9 in Long Blades
  7751 | D:6      | Reached ** piety under Trog
  7976 | D:6      | Killed Sigmund
  8678 | D:8      | Found Bynicym's Distillery.
  8708 | D:8      | Reached XP level 11. HP: 76/81 MP: 11/11
  8950 | D:9      | Found a sparkling altar of Nemelex Xobeh.
  9291 | D:9      | Reached skill level 1 in Stealth
  9295 | D:9      | Noticed Grum
  9392 | D:9      | Killed Grum
  9392 | D:9      | Reached *** piety under Trog
  9459 | D:9      | Reached skill level 10 in Long Blades
  9756 | D:9      | Found a staircase to the Lair.
  9869 | Lair:1   | Entered Level 1 of the Lair of Beasts
  9901 | Lair:1   | Noticed a five-headed hydra
 10133 | D:9      | HP: 6/126 [eight-headed hydra (12)]
 10135 | D:9      | HP: 1/126 [ten-headed hydra (5)]
 10135 | D:9      | Mangled by a ten-headed hydra

Skill      XL: |  1  2  3  4  5  6  7  8  9 10 11 |
---------------+----------------------------------+-----
Dodging        | 1 2 3 4 |  4.0
Shields        | 4 5 6 7 8 9 |  9.2
Long Blades    | 3 4 6 7 9 10 | 10.2
Armour         | 4 5 6 7 8 |  8.0
Fighting       | 4 5 6 7 |  7.2
Stealth        | 1 |  1.0

Action                   |  1- 3 |  4- 6 |  7- 9 | 10-12 || total
-------------------------+-------+-------+-------+-------++-------
Melee: Long sword        |   127 |    58 |       |       ||   185
       Falchion          |       |    82 |   386 |   629 ||  1097
 Fire: Hand crossbow     |       |       |     1 |       ||     1
Invok: Burn Spellbooks   |       |       |       |     1 ||     1
       Trog's Hand       |       |       |       |     1 ||     1
Evoke: Wand              |       |       |     1 |     1 ||     2
  Use: Potion            |     3 |     5 |     5 |     8 ||    21
       Scroll            |     5 |     6 |     4 |     8 ||    23
  Eat: Fruit             |     3 |       |       |     3 ||     6
       Beef jerky        |       |     1 |       |       ||     1
       Bread ration      |       |     2 |     2 |       ||     4
       Chunk             |       |       |     1 |       ||     1
       Meat ration       |       |       |       |     2 ||     2
Armor: Scale mail        |    67 |    59 |    88 |   146 ||   360
Dodge: Dodged            |    45 |    74 |   147 |   192 ||   458
Block: Shield            |    79 |    89 |   213 |   302 ||   683
       Rpst.: Long sword |    14 |    10 |       |       ||    24
       Falchion          |       |    16 |    34 |    43 ||    93
